 Dungeon Crawl Stone Soup version 0.29.1-15-g9cfb28693d (webtiles) character file.

Game seed: 2129840429435013136

223 Ast3rio the Trooper (level 5, -2/72 HPs)
             Began as a Minotaur Berserker on Mar 14, 2023.
             Was a Believer of Trog.
             Succumbed to a scorpion's poison
             ... on level 5 of the Dungeon.
             The game lasted 00:05:23 (3775 turns).

Ast3rio the Trooper (Minotaur Berserker)            Turns: 3775, Time: 00:05:23

Health: -2/72      AC:  3    Str: 24    XL:     5   Next: 66%
Magic:  4/4        EV: 12    Int:  4    God:    Trog [**....]
Gold:   213        SH:  0    Dex:  9    Spells: 4/4 levels left

rFire   + . .      SeeInvis .   y - +7 lajatang of Gozag's Whim {vorpal, rF+ rCorr}
rCold   . . .      Faith    .   (shield currently unavailable)
rNeg    . . .      Spirit   .   m - +0 leather armour
rPois   .          Reflect  .   (helmet restricted)
rElec   .          Harm     .   (no cloak)
rCorr   +          Rampage  .   (no gloves)
Will    .....                   (no boots)
Stlth   ..........              (no amulet)
HPRegen 0.22/turn               (no ring)
MPRegen 0.09/turn               (no ring)

@: berserking, lethally poisoned (-2 -> -10), slowed
A: horns 2, retaliatory headbutt
a: Renounce Religion, Berserk, Trog's Hand


You were on level 5 of the Dungeon.
You worshipped Trog.
Trog was pleased with you.
You visited 1 branch of the dungeon, and saw 5 of its levels.

You collected 213 gold pieces.

Inventory:

Hand Weapons
 a - a +0 hand axe
 y - the +7 lajatang of Gozag's Whim (weapon) {vorpal, rF+ rCorr}
   (You found it on level 4 of the Dungeon)

   It inflicts extra damage upon your enemies.
   rF:        It protects you from fire.
   rCorr:     It protects you from acid and corrosion.
Armour
 b - a +0 animal skin
 m - a +0 leather armour (worn)
Jewellery
 d - a ring of willpower
 v - an amulet of faith
Wands
 w - a wand of digging (5)
Scrolls
 f - a scroll of vulnerability {unknown}
 i - 2 scrolls of teleportation {unknown}
 j - 3 scrolls of blinking {unknown}
 k - 2 scrolls of immolation {unknown}
 l - 2 scrolls of identify {unknown}
 n - a scroll of enchant armour {unknown}
 o - 2 scrolls of enchant weapon {unknown}
 s - a scroll of poison {unknown}
 t - 2 scrolls of magic mapping {unknown}
 u - 3 scrolls of summoning {unknown}
 x - a scroll of fear {unknown}
 A - a scroll of fog {unknown}
Potions
 c - 2 potions of lignification {unknown}
 e - 3 potions of attraction {unknown}
 g - 2 potions of invisibility {unknown}
 h - 2 potions of mutation {unknown}
 p - a potion of might {unknown}
 q - a potion of berserk rage {unknown}
 r - a potion of degeneration {unknown}
 z - a potion of heal wounds {unknown}


   Skills:
 + Level 5.0 Fighting
 + Level 4.9 Axes
 + Level 4.1 Armour
 + Level 3.7 Dodging


You had 4 spell levels left.
You didn't know any spells.
Your spell library was empty.

Dungeon Overview and Level Annotations

Branches:
Dungeon (5/15)             Temple (0/1) D:4

Altars:

Shops:
D:4 [


Innate Abilities, Weirdness & Mutations

You have a pair of horns on your head.
You reflexively headbutt those who attack you in melee.


Message History

You are too injured to fight recklessly!
You are too injured to fight recklessly!
You are too injured to fight recklessly!
You are too injured to fight recklessly!
A red film seems to cover your vision as you go berserk!
You feel yourself moving faster!
You feel mighty!
A scorpion comes into view.
The wraith hits you!
You closely miss the wraith.
The wraith is moderately damaged.
The wraith closely misses you. The wraith hits you.
* * * LOW HITPOINT WARNING * * *
You closely miss the wraith. You headbutt the wraith!
The wraith is heavily damaged.
The wraith closely misses you.
You closely miss the wraith.
The wraith is heavily damaged.
The wraith barely misses you. You furiously retaliate!
You headbutt the wraith, but do no damage.
The wraith hits you!
* * * LOW HITPOINT WARNING * * *
The wraith drains your vigour!
You feel as though you will be slow longer.
You closely miss the wraith. You headbutt the wraith.
The wraith is severely damaged.
The scorpion stings you.
* * * LOW HITPOINT WARNING * * *
The wraith hits you.
* * * LOW HITPOINT WARNING * * *
The wraith drains your vigour!
You feel as though you will be slow longer.
The scorpion stings you.
* * * LOW HITPOINT WARNING * * *
You are lethally poisoned!
The scorpion poisons you!
You slash the wraith!
You feel the power of Trog in you as your rage grows.
You destroy the wraith!
Trog accepts your kill.
You die...

########
#.....<#
#.######.
#@.......
#...s....##
#<.........
#......[.##
....♣♣♣...#
...... ....
....... ...
..♣..... .♣


You could see a scorpion.

Vanquished Creatures
  A wraith (D:5)
  The ghost of Ast3rio the Grave Robber, a weakling DENe (D:3)
  Terence (D:2)
  An orc wizard (D:4)
  3 gnolls (D:4)
  3 adders
  2 worms
  A dart slug (D:1)
  3 orcs
  5 endoplasms
  4 giant cockroaches
  6 goblins
  9 hobgoblins
  8 jackals
  3 kobolds (D:2)
  4 quokkas
  4 ball pythons
  5 bats
  3 frilled lizards
  8 rats
75 creatures vanquished.

Notes
Turn   | Place    | Note
-------+----------+-------------------------------------------
     0 | D:1      | Ast3rio the Minotaur Berserker began the quest for the Orb.
     0 | D:1      | Reached XP level 1. HP: 19/19 MP: 0/0
   241 | D:1      | Reached XP level 2. HP: 27/27 MP: 1/1
   470 | D:1      | Reached skill level 4 in Fighting
   965 | D:2      | Noticed Terence
   979 | D:2      | Killed Terence
   980 | D:2      | Reached XP level 3. HP: 15/33 MP: 2/2
  1325 | D:2      | Reached XP level 4. HP: 25/41 MP: 3/3
  1578 | D:2      | Reached ** piety under Trog
  1864 | D:3      | Found a faded altar of an unknown god.
  2133 | D:3      | Found a runed translucent door.
  2144 | D:3      | Noticed Ast3rio's ghost (weakling DENe)
  2651 | D:3      | Killed Ast3rio's ghost
  2652 | D:3      | Reached XP level 5. HP: 15/47 MP: 4/4
  3011 | D:4      | Found Zuoden's Armour Boutique.
  3194 | D:4      | Found a staircase to the Ecumenical Temple.
  3459 | D:4      | Reached skill level 5 in Fighting
  3470 | D:4      | Identified the +7 lajatang of Gozag's Whim {vorpal, rF+
                  | rCorr}
  3759 | D:5      | Entered Level 5 of the Dungeon
  3763 | D:5      | Noticed a wraith
  3774 | D:5      | HP: 1/72 [scorpion (3)]
  3775 | D:5      | Killed a wraith
  3775 | D:5      | Succumbed to a scorpion's poison

Illustrated notes

Levels and vault maps discovered:
D:1:      dpeg_arrival_more_subterranean_lakeside_camping, layout_loops_ring
D:2:      layout_rooms, uniq_terence
D:3:      layout_loops_ring, ebering_ghost_reflecting_pool,
          shapermc_ecumenical_altar_venn
D:4:      layout_gridville, minmay_temple_entry_stoned_glass, serial_shops,
          nicolae_shop_temple_entry_statues_fountains
D:5:      layout_basic, nicolae_overflow_hidden_temple,
          kennysheep_decorative_pillar, minmay_misc_feat_iff, uniq_eustachio

Skill      XL: |  1  2  3  4  5 |
---------------+----------------+-----
Fighting       | 4 5 |  5.0
Axes           | 4 |  4.9
Armour         | 3 4 |  4.1
Dodging        | 3 |  3.7

Action                   |  1- 3 |  4- 6 || total
-------------------------+-------+-------++-------
Melee: Hand axe          |    68 |    93 ||   161
       Headbutt          |    11 |    15 ||    26
       Lajatang          |       |    11 ||    11
Invok: Berserk           |     1 |     1 ||     2
Armor: Animal skin       |     4 |       ||     4
       Leather armour    |    11 |    34 ||    45
Dodge: Dodged            |    46 |    73 ||   119
